 Dungeon Crawl Stone Soup version 0.18.1-1-g2f07953 (webtiles) character file.

84 vatarom the Ruffian (level 4, 0/44 HPs)
             Began as a Troll Chaos Knight on May 7, 2016.
             Succumbed to Robin's poison
             ... on level 3 of the Dungeon.
             The game lasted 00:04:51 (1741 turns).

vatarom the Ruffian (Troll Chaos Knight)            Turns: 1741, Time: 00:04:52

Health: 0/44       AC:  7    Str: 20    XL:     4   Next: 24%
Magic:  3/3        EV: 16    Int:  8    God:    Xom [......]
Gold:   162        SH:  0    Dex: 15    Spells: 0 memorised, 3 levels left

rFire  . . .     SeeInvis .       - Unarmed
rCold  . . .     Gourm    +     a - +2 robe
rNeg   . . .     Faith    .     (no shield)
rPois  .         Spirit   .     (helmet restricted)
rElec  .         Dismiss  .     (no cloak)
rCorr  .         Reflect  .     (gloves unavailable)
SustAt .         Harm     .     (boots unavailable)
MR     .....                    (no amulet)
Stlth  ++........               (no ring)
                                (no ring)

@: agile, lethally poisoned (0 -> -24), not resistant to hostile enchantments,
unstealthy
A: unfitting armour, claws 3, fast metabolism 3, gourmand, regeneration 2,
shaggy fur 1, tough skin 2
a: Renounce Religion


You were on level 3 of the Dungeon.
You worshipped Xom.
You were a very special plaything of Xom.
You were full.

You visited 1 branch of the dungeon, and saw 3 of its levels.

You collected 162 gold pieces.

Inventory:

Armour
 a - a +2 robe (worn)
Scrolls
 g - 2 scrolls of blinking
 h - a scroll of random uselessness {unknown}
 i - 3 scrolls of identify {unknown}
 k - a scroll of remove curse {unknown}
Comestibles
 b - 2 bread rations
 c - 2 royal jellies
 d - a meat ration
 f - a beef jerky


   Skills:
 - Level 2.4 Fighting
 + Level 3.1 Dodging
 + Level 4.1 Unarmed Combat


You had 3 spell levels left.
You didn't know any spells.

Dungeon Overview and Level Annotations

Branches:
Dungeon (3/15)

Altars:
Okawaru
Qazlal

Annotations:
D:3 Robin


Innate Abilities, Weirdness & Mutations

You are too large for most types of armour.
You have claws for hands.
Your metabolism is lightning-fast.
You like to eat raw meat.
You heal very quickly.
You are covered in fur (AC +1).
You have very tough skin (AC +2).


Message History

Something barely misses you. The goblin completely misses you.
* * * LOW HITPOINT WARNING * * *
You feel very sick. Something throws the goblin at you!
Things that are here:
a dagger; a goblin corpse You scratch the goblin.
You kill the goblin!
* * * LOW HITPOINT WARNING * * *
You feel very sick. The goblin hits you with a club.
* * * LOW HITPOINT WARNING * * *
* * * LOW HITPOINT WARNING * * *
You feel very sick. Something throws the goblin at you!
You see here a club.
You claw the goblin!
You kill the goblin!
You die...
Xom chortles!

.. .. .. .# .#
.# #+##+###.#
#...)@)<.#
..#####.).##.#
...)gg.o#.# .#
.).###).#..#.#
#..##.#.. #..#
.#.. #..#
....# #..#
#...# #..# ..


You could see an orc, a hobgoblin and a goblin.

Vanquished Creatures
  An adder (D:2)
  3 dart slugs
  A worm (D:2)
  A giant gecko (D:2)
  An orc (D:3)
  6 giant cockroaches
  7 hobgoblins
  2 jackals (D:2)
  2 quokkas (D:2)
  A ball python (D:2)
  3 bats
  5 giant newts
  14 goblins
  7 kobolds
  7 rats
61 creatures vanquished.

Notes
Turn   | Place    | Note
--------------------------------------------------------------
     0 | D:1      | vatarom the Troll Chaos Knight began the quest for the Orb.
     0 | D:1      | Reached XP level 1. HP: 22/22 MP: 0/0
   174 | D:1      | Found an iron altar of Okawaru.
   248 | D:1      | XOM: harmless Necr miscast
   254 | D:1      | Reached XP level 2. HP: 29/29 MP: 1/1
   444 | D:1      | XOM is BORED!
   444 | D:1      | XOM: harmless Necr miscast
   906 | D:2      | Found a stormy altar of Qazlal.
   910 | D:2      | XOM: noise
   911 | D:2      | XOM: harmless Summ miscast
   924 | D:2      | Reached XP level 3. HP: 36/36 MP: 2/2
   936 | D:2      | XOM: cast spell 'Olgreb's Toxic Radiance'
  1625 | D:2      | Reached XP level 4. HP: 44/44 MP: 3/3
  1704 | D:3      | Noticed Robin
  1707 | D:3      | XOM: confusion (+ monsters)
  1708 | D:3      | Reached skill level 4 in Unarmed Combat
  1741 | D:3      | Succumbed to Robin's poison

Skill      XL: |  1  2  3  4 |
---------------+-------------+-----
Dodging        | 2 3 |  3.1
Unarmed Combat | 4 |  4.1
Fighting       | |  2.4

Action                   |  1- 3 |  4- 6 || total
-------------------------+-------+-------++-------
Melee: Unarmed           |   109 |    22 ||   131
  Use: Potion            |     4 |     2 ||     6
       Scroll            |     2 |       ||     2
 Stab: Confused          |       |     1 ||     1
  Eat: Chunk             |    11 |       ||    11
       Meat ration       |     1 |       ||     1
       Royal jelly       |     1 |       ||     1
Armor: Robe              |    55 |    13 ||    68
Dodge: Dodged            |    58 |    16 ||    74
